 Dungeon Crawl Stone Soup version 0.27.1-4-g1640c2035a (webtiles) character file.

Game seed: 9643158961124082930

166 Stomo444 the Skirmisher (level 5, -3/29 HPs)
             Began as a Vine Stalker Monk on Nov 9, 2021.
             Slain by Natasha (7 damage)
             ... on level 3 of the Dungeon.
             The game lasted 00:03:40 (2621 turns).

Stomo444 the Skirmisher (Vine Stalker Monk)         Turns: 2621, Time: 00:03:41

Health: -3/29      AC:  3    Str: 15    XL:     5   Next: 47%
Magic:  0/6        EV: 13    Int: 10    God:
Gold:   163        SH:  0    Dex: 16    Spells: 4/4 levels left

rFire    . . .     SeeInvis .   a - +0 mace
rCold    . . .     Faith    .   (no shield)
rNeg     . . .     Spirit   +   b - +0 robe
rPois    .         Reflect  .   (no helmet)
rElec    .         Harm     .   (no cloak)
rCorr    .         Rampage  .   j - +0 pair of gloves
Will     .....                  (no boots)
Stlth    ++........             (no amulet)
HPRegen  1.09/turn              (no ring)
MPRegen  0.10/turn              (no ring)

@: slowed, very slow
A: fangs 2, regeneration 1, magic shield, antimagic bite, no potion heal 2
a: no special abilities


You were on level 3 of the Dungeon.
You visited 1 branch of the dungeon, and saw 3 of its levels.

You collected 163 gold pieces.

Inventory:

Hand Weapons
 a - a +0 mace (weapon)
Armour
 b - a +0 robe (worn)
 j - a +0 pair of gloves (worn)
Jewellery
 f - a +6 ring of dexterity
Scrolls
 c - a scroll of amnesia {unknown}
 e - 3 scrolls of identify
 g - a scroll of torment
 h - 3 scrolls of vulnerability {unknown}
 i - a scroll of teleportation {unknown}
Potions
 d - 2 potions of flight {unknown}


   Skills:
 * Level 4.0 Fighting
 * Level 4.0 Maces & Flails
 + Level 3.1 Dodging
 - Level 2.4 Stealth


You had 4 spell levels left.
You didn't know any spells.
Your spell library contained the following spells:

 Spells                   Type           Power      Damage    Failure   Level
 Blink                    Tloc           N/A        N/A       50%         2
 Slow                     Hex            0%         N/A       50%         2
 Confusing Touch          Hex            0%         N/A       75%         3
 Lesser Beckoning         Tloc           0%         N/A       75%         3
 Vampiric Draining        Necr           0%         2d6       75%         3
 Manifold Assault         Tloc           0%         N/A       100%        5


Dungeon Overview and Level Annotations

Branches:
Dungeon (3/15)

Altars:
Gozag
Sif Muna

Shops:
D:1 *

Annotations:
D:3 Natasha


Innate Abilities, Weirdness & Mutations

You have extremely sharp teeth.
Your natural rate of healing is unusually fast.
When hurt, damage is shared between your health and your magic reserves.
Your bite disrupts and absorbs the magic of your enemies.
Potions cannot restore your health.


Message History

Natasha mumbles some strange words.
You feel disoriented. Natasha claws you.
You barely miss Natasha.
Natasha is moderately wounded.
Natasha stares at you and mumbles some strange words.
You resist with some effort. The white imp gestures at you.
The puff of frost hits you.
Natasha stares at you and mumbles some strange words.
You feel yourself slow down.
You barely miss Natasha. Your bite misses Natasha.
Natasha is moderately wounded.
The white imp gestures at you. The puff of frost hits you!
Natasha closely misses you. The white imp gestures at you.
The puff of frost hits you!
* * * LOW HITPOINT WARNING * * *
Natasha barely misses you.
Natasha stares at you and mumbles some strange words.
The magic dart hits you.
* * * LOW HITPOINT WARNING * * *
The white imp hits you but does no damage.
Natasha misses you.
The white imp grinds its teeth.
The white imp barely misses you.
Unknown command.
Natasha stares at you and mumbles some strange words.
The magic dart hits you.
* * * LOW HITPOINT WARNING * * *
The white imp shouts, "Give up, thou canting toenail-biting erk!"
Natasha extends her claws.
Natasha barely misses you.
You hit Natasha.
Natasha is heavily wounded.
Natasha claws you!
* * * LOW HITPOINT WARNING * * *
The white imp puffs mist at you. Natasha claws you!
You die...

.......##.........######
..................#
......###.........#
......# #.....รท...#
......###.........#
........#...#####.#
.##.#....#..####5.#
###.###.......##h##
....# ###...#.##@###
....# #..........# #...#
#..........# #...#
#..........# #..##
#..........# #..#
#..........# .<.##
#..........# ##..#
###.#..#)### .##.#
##..##...#


You could see Natasha and a white imp (summoned).

Vanquished Creatures
  Jessica (D:2)
  Natasha (twice) (D:3)
  Robin (D:2)
  3 adders (D:2)
  A dart slug (D:1)
  2 ball pythons
  6 endoplasms
  2 giant cockroaches (D:1)
  14 goblins
  3 hobgoblins
  A kobold (D:1)
  2 quokkas
  4 bats
  5 frilled lizards
  4 rats
51 creatures vanquished.

Vanquished Creatures (collateral kills)
  A goblin (D:2)
1 creature vanquished.

Grand Total: 52 creatures vanquished

Notes
Turn   | Place    | Note
-------+----------+-------------------------------------------
     0 | D:1      | Stomo444 the Vine Stalker Monk began the quest for the Orb.
     0 | D:1      | Reached XP level 1. HP: 11/11 MP: 2/2
    82 | D:1      | Found a faded altar of an unknown god.
   129 | D:1      | Reached XP level 2. HP: 13/16 MP: 1/3
   510 | D:1      | Found Qigupse's Assorted Antiques.
   617 | D:1      | Reached XP level 3. HP: 17/20 MP: 4/4
   900 | D:2      | Noticed Robin
  1218 | D:2      | HP: 1/20 [Robin (1)]
  1219 | D:2      | Killed Robin
  1554 | D:2      | Gained mutation: Your natural rate of healing is unusually
                  | fast. [Vine Stalker growth]
  1554 | D:2      | Reached XP level 4. HP: 20/24 MP: 3/5
  1628 | D:2      | Noticed Jessica
  1639 | D:2      | Killed Jessica
  1991 | D:2      | Found an opulent altar of Gozag.
  2285 | D:3      | Found a shimmering blue altar of Sif Muna.
  2349 | D:3      | Reached XP level 5. HP: 29/29 MP: 6/6
  2496 | D:3      | Noticed Natasha
  2510 | D:3      | Killed Natasha
  2568 | D:3      | Noticed Natasha
  2577 | D:3      | Killed Natasha
  2605 | D:3      | Noticed Natasha
  2621 | D:3      | Slain by Natasha

Illustrated notes

Levels and vault maps discovered:
D:1:      dpeg_arrival_stone_temple_mockup, layout_rooms,
          hellmonk_ecumenical_altar_leap_of_faith, serial_shops,
          nicolae_shop_window_shopping
D:2:      layout_loops_ring, basic_altar, uniq_jessica, uniq_robin
D:3:      layout_rooms, mainiacjoe_overflow_24_doors, uniq_natasha

Skill      XL: |  1  2  3  4  5 |
---------------+----------------+-----
Maces & Flails | 3 4 |  4.0
Fighting       | 3 4 |  4.0
Dodging        | 3 |  3.1
Stealth        | |  2.4

Action                   |  1- 3 |  4- 6 || total
-------------------------+-------+-------++-------
Melee: Mace              |    69 |    69 ||   138
       Bite              |    18 |    13 ||    31
  Use: Scroll            |     2 |       ||     2
       Potion            |     1 |       ||     1
 Stab: Sleeping          |     8 |     3 ||    11
Armor: Robe              |     6 |    13 ||    19
Dodge: Dodged            |    43 |    58 ||   101
